 Dungeon Crawl Stone Soup version 0.26-a0-1013-gf6ffb0d6bd (webtiles) character file.

Game seed: 8783696763186419147

27190 streetpizza the Destroyer (level 13, -20/102 HPs)
             Began as a Purple Draconian Conjurer on Dec 7, 2020.
             Was a High Priest of Vehumet.
             Killed from afar by an iron dragon (43 damage)
             ... with a spray of metal splinters
             ... on level 13 of the Dungeon.
             The game lasted 01:40:43 (18696 turns).

streetpizza the Destroyer (DrCj)                   Turns: 18696, Time: 01:40:46

Health: -20/102    AC: 10    Str:  9    XL:     13   Next: 3%
Magic:  13/27      EV: 20    Int: 24    God:    Vehumet [*****.]
Gold:   1172       SH:  4    Dex: 10    Spells: 8/33 levels left

rFire    + . .     SeeInvis .   H - +5 broad axe (flame)
rCold    + + .     Faith    +   K - +0 buckler {rC+ rF+}
rNeg     . . .     Spirit   .   (armour unavailable)
rPois    .         Reflect  .   (helmet restricted)
rElec    .         Harm     +   h - scarf {harm}
rCorr    .         Rampage  .   L - +1 pair of gloves
Will     +....                  (no boots)
Stlth    ++........             i - amulet of faith
HPRegen  0.27/turn              a - +4 ring of evasion
MPRegen  0.20/turn              u - ring of protection from cold

@: studying Earth Magic
A: breathe power, unfitting armour, cold-blooded, AC +8
a: Breathe Dispelling Energy, Renounce Religion


You were on level 13 of the Dungeon.
You worshipped Vehumet.
Vehumet was extremely pleased with you.
You visited 2 branches of the dungeon, and saw 14 of its levels.
You also visited: Bailey.

You collected 1172 gold pieces.

Inventory:

Hand Weapons
 l - a +3 flail of holy wrath
 s - the +6 shillelagh "Devastator" {shatter}
   (You found it on level 13 of the Dungeon)
 x - a +6 vorpal falchion
 H - a +5 broad axe of flaming (weapon)
Missiles
 q - 4 silver javelins
 J - 39 poisoned darts (quivered)
Armour
 h - a scarf of harm (worn)
 G - a +0 buckler
 K - a +0 buckler of resistance (worn)
 L - a +1 pair of gloves (worn)
Magical Staves
 P - an uncursed staff of poison
Jewellery
 a - a +4 ring of evasion (left hand)
 f - a +4 ring of protection
 g - a +6 ring of dexterity
 i - an amulet of faith (around neck)
 o - a +6 ring of strength
 u - a ring of protection from cold (right hand)
 v - an uncursed ring of protection from fire
 w - an uncursed ring of willpower
 C - an uncursed ring of poison resistance
 I - an uncursed amulet of guardian spirit {unknown}
 N - an uncursed amulet of reflection {unknown}
 O - the ring of the Lich-sworn {rF+ Str+2 Int+7}
   (You found it on level 11 of the Dungeon)

   [ring of protection from fire]

   It affects your strength (+2).
   It affects your intelligence (+7).
   It protects you from fire.
Wands
 m - a wand of enslavement (11)
 D - a wand of paralysis (7)
 Q - a wand of disintegration (14)
Scrolls
 c - 7 scrolls of magic mapping
 e - 3 scrolls of fear
 k - 4 scrolls of identify
 p - 3 scrolls of remove curse
 t - a scroll of amnesia
 y - 4 scrolls of fog
 F - 2 scrolls of teleportation
Potions
 b - 3 potions of heal wounds
 d - 5 potions of curing
 j - a potion of mutation {unknown}
 n - 4 potions of brilliance
 z - a potion of might {unknown}
 A - a potion of flight
 B - 2 potions of attraction
 E - a potion of haste
 M - a potion of cancellation
 S - a potion of magic {unknown}
Books
 r - a manual of Earth Magic


   Skills:
 + Level 5.8 Fighting
 - Level 8.8 Dodging
 - Level 1.7 Stealth
 - Level 4.0 Shields
 + Level 10.6 Spellcasting
 + Level 12.6 Conjurations
 + Level 6.6 Fire Magic
 - Level 9.1 Ice Magic


You had 8 spell levels left.
You knew the following spells:

 Your Spells              Type           Power        Failure   Level
b - Searing Ray           Conj           ######       1%          2
c - Frozen Ramparts       Ice            ######       1%          3
d - Iskenderun's Battles  Conj           ######..     1%          5
e - Iskenderun's Mystic   Conj/Tloc      #####...     1%          4
f - Fireball              Conj/Fire      ######....   1%          5
g - Freezing Cloud        Conj/Ice/Air   #####.....   11%         6

Your spell library contained the following spells:

 Spells                   Type           Power        Failure   Level
 Foxfire                  Conj/Fire      ####         1%          1
 Magic Dart               Conj           ####         1%          1
 Sandblast                Erth           ##....       1%          1
 Ensorcelled Hibernation  Hex/Ice        ####..       1%          2
 Conjure Flame            Conj/Fire      ######..     1%          3
 Dazzling Flash           Conj/Hex       #####.       1%          3
 Inner Flame              Hex/Fire       ####....     1%          3
 Static Discharge         Conj/Air       #####...     1%          3
 Stone Arrow              Conj/Erth      #####.       1%          3
 Fulminant Prism          Conj/Hex       #####.....   1%          4
 Sticky Flame             Conj/Fire      ######..     1%          4
 Bolt of Magma            Conj/Fire/Erth #####.....   2%          5
 Animate Skeleton         Necr           ##....       4%          1
 Corona                   Hex            ##.....      4%          1
 Pain                     Necr           ##..         4%          1
 Summon Small Mammal      Summ           ##..         4%          1
 Orb of Destruction       Conj           ######....   7%          7
 Call Imp                 Summ           ##......     8%          2
 Passwall                 Tmut/Erth      ##......     8%          2
 Summon Ice Beast         Ice/Summ       ####....     8%          4
 Call Canine Familiar     Summ           ##......     16%         3
 Confusing Touch          Hex            ##......     16%         3
 Gell's Gravitas          Tloc           ##........   16%         3
 Summon Guardian Golem    Hex/Summ       ##......     16%         3
 Tukima's Dance           Hex            ##......     16%         3
 Vampiric Draining        Necr           ##........   16%         3
 Iron Shot                Conj/Erth      #####.....   16%         6
 Metabolic Englaciation   Hex/Ice        ####......   22%         5
 Lee's Rapid Deconstruct  Erth           ##........   32%         5
 Yara's Violent Unravell  Hex/Tmut       ##........   32%         5
 Animate Dead             Necr           ##........   45%         4
 Petrify                  Tmut/Erth      ##......     45%         4
 Summon Lightning Spire   Summ/Air       ##......     45%         4
 Spellforged Servitor     Conj/Summ      #####.....   58%         7
 Agony                    Necr           ##......     80%         5


Dungeon Overview and Level Annotations

Branches:
Dungeon (13/15)            Temple (1/1) D:4            Lair (0/6) D:10
    Orc (0/2) D:11         Bailey (visited)
 Vaults: D:13-14

Altars:
Ashenzari
Cheibriados
Dithmenos
Elyvilon
Fedhas
Gozag
Hepliaklqana
Kikubaaqudgha
Makhleb
Nemelex Xobeh
Okawaru
Qazlal
Ru
Sif Muna
Trog
Uskayaw
Vehumet
Wu Jian
Xom
Yredelemnul
Zin
The Shining One

Shops:
D:7 (   D:8 [

Portals:
Trove: D:10 (give +2 shadow dragon scales)

Annotations:
D:7 3 runed translucent doors, lordvenom1's ghost, novice TrMo


Innate Abilities, Weirdness & Mutations

You can breathe bolts of dispelling energy.
Your rich purple scales are hard. (AC +8)
You cannot fit into any form of body armour.
You are cold-blooded and may be slowed by cold attacks.


Message History

Your battlesphere expends the last of its energy and dissipates.
The iron dragon breathes metal splinters at you.
The spray of metal splinters hits you!!!
Ouch! That really hurt!
* * * LOW HITPOINT WARNING * * *
Unknown command.
The searing ray hits the iron dragon.
The iron dragon is severely wounded.
The searing ray hits the iron dragon.
The iron dragon is severely wounded.
The iron dragon bites you.
* * * LOW HITPOINT WARNING * * *
The iron dragon barely misses you. The iron dragon closely misses you.
The searing ray hits the iron dragon.
The iron dragon is severely wounded.
You finish channeling your searing ray.
You have got your breath back.
The iron dragon breathes metal splinters at you.
The spray of metal splinters hits you!!!
You die...

..#. #.....#
..#.# #.#.#.#
#.#.#.#
#.#.#.# .
###.###.#.#.#
.
..........#.#
###.###.###.#
#.###†###.#
#...○@....# #
###.#D#.### ..
.............#
.# ..
##..#.#[#..#
.# .#
#..#...)..# .#
.. #. # #.##.#
.# .# # #?# .#
.####.#####..#
#.# .#
..............
..#


You could see an iron dragon (catching breath).

Vanquished Creatures
  A vault guard (D:13)
  An ice dragon (D:13)
  3 hydras
  A boulder beetle (D:12)
  4 two-headed ogres (D:13)
  A tengu warrior (D:10)
  5 death yaks (D:10)
  An unseen horror (D:13)
  A wolf spider zombie (D:13)
  An ugly thing (D:11)
  4 cyclopes
  Maggie (D:8)
  3 ice statues
  2 centaur skeletons
  3 gargoyles (D:12)
  A rime drake (shapeshifter) (D:13)
  An efreet (D:13)
  3 trolls (D:13)
  3 slime creatures (D:12)
  21 yaks
  A shadow (D:11)
  A wyvern (D:12)
  Eustachio (D:5)
  Edmund (D:5)
  A water moccasin (D:10)
  2 ice beasts
  5 orc warriors
  A necrophage (D:11)
  2 ogres (D:11)
  4 phantoms
  2 sky beasts
  3 black bears
  5 centaurs
  4 big kobolds
  5 bullfrogs
  2 gnoll sergeants (D:10)
  3 scorpions
  12 killer bees
  5 wights (D:9)
  3 howler monkeys
  3 bullfrog zombies
  A quasit (D:9)
  A centaur zombie (D:5)
  A gnoll shaman (D:3)
  14 orc priests
  7 hounds
  4 jellies
  5 iguanas
  8 worker ants
  13 orc wizards
  A worker ant zombie (D:5)
  15 gnolls
  9 adders
  A shadow imp (D:5)
  4 white imps
  6 ufetubi
  2 worms
  3 dart slugs
  9 leopard geckos
  53 orcs
  7 bats
  A giant cockroach (D:1)
  13 goblins
  12 hobgoblins
  11 jackals
  5 quokkas
  A ball python (D:4)
  7 frilled lizards
  A goblin skeleton (D:6)
  A goblin zombie (D:6)
  2 hobgoblin zombies (D:6)
  A jackal zombie (D:7)
  49 kobolds
  2 kobold skeletons (D:6)
  A kobold zombie (D:6)
  A quokka skeleton (D:6)
  2 quokka zombies
  8 rats
409 creatures vanquished.

Vanquished Creatures (others)
  47 plants (D:9)
47 creatures vanquished.

Grand Total: 456 creatures vanquished

Notes
Turn   | Place    | Note
-------+----------+-------------------------------------------
     0 | D:1      | streetpizza the Draconian Conjurer began the quest for the
                  | Orb.
     0 | D:1      | Reached XP level 1. HP: 14/14 MP: 3/3
   252 | D:1      | Reached XP level 2. HP: 22/22 MP: 0/5
   261 | D:1      | Learned a level 2 spell: Searing Ray
   477 | D:1      | Reached skill level 1 in Fighting
  1354 | D:1      | Found a hazy altar of Hepliaklqana.
  1411 | D:1      | Reached XP level 3. HP: 28/28 MP: 4/6
  1852 | D:2      | Found a snail-covered altar of Cheibriados.
  1948 | D:2      | Found a radiant altar of Vehumet.
  1948 | D:2      | Found a burning altar of Makhleb.
  1948 | D:2      | Found a sacrificial altar of Ru.
  1952 | D:2      | Became a worshipper of Vehumet
  1971 | D:2      | Found a hide-covered altar of Uskayaw.
  2196 | D:2      | Reached XP level 4. HP: 28/36 MP: 3/7
  2674 | D:3      | Reached * piety under Vehumet
  2674 | D:3      | Offered knowledge of Sandblast by Vehumet.
  2734 | D:3      | Reached skill level 5 in Conjurations
  2734 | D:3      | Reached XP level 5. HP: 42/42 MP: 4/9
  3088 | D:3      | Found a shimmering blue altar of Sif Muna.
  3503 | D:4      | Noticed a phantom
  3547 | D:4      | Killed a phantom
  3548 | D:4      | Reached XP level 6. HP: 33/51 MP: 1/10
  3706 | D:4      | Found a staircase to the Ecumenical Temple.
  3710 | Temple   | Entered the Ecumenical Temple
  4224 | D:5      | Entered Level 5 of the Dungeon
  4224 | D:5      | Noticed Edmund
  4267 | D:5      | Noticed a sky beast
  4374 | D:5      | Reached skill level 6 in Conjurations
  4434 | D:5      | Your scales start taking on a rich purple colour.
  4434 | D:5      | Reached XP level 7. HP: 57/57 MP: 10/13
  4714 | D:5      | Found an ancient bone altar of Kikubaaqudgha.
  4796 | D:5      | Noticed Eustachio
  4891 | D:5      | Killed Edmund
  4999 | D:5      | Reached skill level 5 in Spellcasting
  5182 | D:5      | Reached skill level 7 in Conjurations
  5182 | D:5      | Reached XP level 8. HP: 60/67 MP: 2/15
  5448 | D:5      | Reached ** piety under Vehumet
  5573 | D:5      | Killed Eustachio
  5671 | D:5      | Offered knowledge of Freeze by Vehumet.
  5792 | D:6      | Found a glowing golden altar of the Shining One.
  5863 | D:6      | Reached skill level 5 in Fighting
  6418 | D:6      | Reached skill level 8 in Conjurations
  6747 | D:6      | Found an ornate altar of the Wu Jian Council.
  6764 | D:6      | Offered knowledge of Frozen Ramparts by Vehumet.
  6769 | D:6      | Learned a level 3 spell: Frozen Ramparts
  7102 | D:7      | Reached skill level 5 in Dodging
  7191 | D:7      | Reached skill level 1 in Ice Magic
  7191 | D:7      | Reached XP level 9. HP: 61/74 MP: 18/18
  7247 | D:7      | Found a flagged portal.
  7250 | D:7      | Reached *** piety under Vehumet
  7262 | Bailey   | Entered a bailey
  7265 | Bailey   | Noticed an orc knight
  7802 | D:7      | Found a runed translucent gate.
  7802 | D:7      | Found a runed translucent gate.
  7803 | D:7      | Found a runed translucent gate.
  7803 | D:7      | Noticed a cyclops
  7803 | D:7      | Noticed lordvenom1's ghost (novice TrMo)
  7901 | D:7      | Found Delamuw's Weapon Shop.
  8238 | D:8      | Offered knowledge of Static Discharge by Vehumet.
  8297 | D:8      | Found Yvonufau's Armour Shop.
  8602 | D:8      | Noticed Maggie
  8699 | D:8      | Found an opulent altar of Gozag.
  8811 | D:8      | Killed Maggie
  8812 | D:8      | Reached skill level 9 in Conjurations
  9181 | D:9      | Reached **** piety under Vehumet
  9299 | D:9      | Found a shadowy altar of Dithmenos.
  9397 | D:9      | Offered knowledge of Lightning Bolt by Vehumet.
  9419 | D:9      | Identified Sif Muna's Incunabulum of Ashen Conjuration
  9425 | D:9      | Found a broken altar of Ashenzari.
  9818 | D:9      | Reached ***** piety under Vehumet
  9818 | D:9      | Offered knowledge of Iskenderun's Battlesphere by Vehumet.
 10297 | D:9      | Learned a level 5 spell: Iskenderun's Battlesphere
 10476 | D:9      | Reached XP level 10. HP: 54/82 MP: 15/20
 10987 | D:10     | Entered Level 10 of the Dungeon
 11093 | D:10     | Noticed a death yak
 11106 | D:10     | Killed a death yak
 11107 | D:10     | Reached skill level 5 in Ice Magic
 11112 | D:10     | Learned a level 4 spell: Iskenderun's Mystic Blast
 11142 | D:10     | Found a staircase to the Lair.
 11142 | D:10     | Noticed a death yak
 11160 | D:10     | Killed a death yak
 11161 | D:10     | Reached skill level 10 in Conjurations
 11407 | D:10     | Noticed a death yak
 11410 | D:10     | Noticed a death yak
 11411 | D:10     | Noticed a death yak
 11426 | D:10     | Killed a death yak
 11432 | D:10     | Killed a death yak
 11433 | D:10     | Killed a death yak
 11439 | D:10     | Reached XP level 11. HP: 38/88 MP: 19/23
 11446 | D:10     | Reached skill level 11 in Conjurations
 12152 | D:10     | Offered knowledge of Spellforged Servitor by Vehumet.
 12209 | D:10     | Noticed a tengu warrior
 12222 | D:10     | Killed a tengu warrior
 12846 | D:10     | Found a portal to a secret trove of treasure.
 13318 | D:11     | Found a staircase to the Orcish Mines.
 13511 | D:11     | Learned a level 5 spell: Fireball
 13628 | D:11     | Noticed a six-headed hydra
 13686 | D:11     | Noticed a four-headed hydra
 13906 | D:11     | Killed a four-headed hydra
 13907 | D:11     | Reached skill level 1 in Fire Magic
 13946 | D:11     | Killed a five-headed hydra
 14485 | D:11     | Noticed a green ugly thing
 14503 | D:11     | Killed a green ugly thing
 14528 | D:10     | HP: 4/88 [poisoned by a green ugly thing]
 14534 | D:10     | HP: 3/88 [poisoned by a green ugly thing]
 14542 | D:10     | HP: 3/88 [poisoned by a green ugly thing]
 14951 | D:11     | Got a bound silver ring
 15776 | D:12     | Noticed a boulder beetle
 15793 | D:12     | Killed a boulder beetle
 15794 | D:12     | Reached XP level 12. HP: 41/94 MP: 9/25
 16028 | D:12     | Reached skill level 12 in Conjurations
 16032 | D:12     | Reached skill level 5 in Fire Magic
 16142 | D:12     | Noticed an eight-headed hydra
 16189 | D:12     | Killed a seven-headed hydra
 16189 | D:12     | Offered knowledge of Freezing Cloud by Vehumet.
 16197 | D:12     | Learned a level 6 spell: Freezing Cloud
 16589 | D:12     | Identified the ring of the Lich-sworn {rF+ Str+2 Int+7}
                  | (You found it on level 11 of the Dungeon)
 17046 | D:13     | Reached skill level 10 in Spellcasting
 17390 | D:13     | Noticed a two-headed ogre
 17404 | D:13     | Killed a two-headed ogre
 17461 | D:13     | Noticed a two-headed ogre
 17463 | D:13     | Noticed a two-headed ogre
 17465 | D:13     | Killed a two-headed ogre
 17466 | D:13     | Noticed an iron dragon
 17472 | D:13     | Killed a two-headed ogre
 17607 | D:13     | Noticed a two-headed ogre
 17616 | D:13     | Killed a two-headed ogre
 17693 | D:13     | Found the +6 shillelagh "Devastator" {shatter}
 18032 | D:13     | Reached skill level 1 in Shields
 18049 | D:13     | Noticed a vault guard
 18058 | D:13     | Killed a vault guard
 18166 | D:13     | Noticed an ice dragon
 18178 | D:13     | Killed an ice dragon
 18179 | D:13     | Reached XP level 13. HP: 18/102 MP: 7/27
 18696 | D:13     | Killed from afar by an iron dragon

Illustrated notes

Levels and vault maps discovered:
D:1:      dpeg_arrival_water_altar, layout_basic, serial_forest,
          infiniplex_forest_lined_ring, infiniplex_forest_corner_1,
          infiniplex_forest_lined_3, infiniplex_forest_straight_5,
          infiniplex_forest_lined_corner
D:2:      layout_basic, kennysheep_slug_shrine,
          nicolae_overflow_quartered_altars
D:3:      layout_rooms, lemuel_doored_altar
D:4:      layout_basic, minmay_temple_entry_butterflies
D:5:      layout_gridville, basic_altar, minmay_misc_feat_columns,
          uniq_eustachio, uniq_edmund
D:6:      black_bear_nest_1, layout_rooms, overflow_temple_1_default,
          chequers_serial_rivers_room_a, nicolae_tso_besieged_by_evil
D:7:      layout_loops_cross, serial_shops, shop_fountains,
          gammafunk_ghost_split, enter_bailey_7
D:8:      layout_basic, nicolae_overflow_crystal_walls, serial_shops, shop,
          minmay_microvault, uniq_maggie
D:9:      kennysheep_kobold_camp, layout_basic, cheibrodos_ashenzari_chains,
          marbit_many_paths, serial_rivers, chequers_serial_rivers_marsh,
          chequers_serial_rivers_micro_d, chequers_serial_rivers_room_b,
          chequers_serial_rivers_micro_c, chequers_serial_rivers_marsh
D:10:     layout_roguey, dpeg_lair_monsters, enter_trove_6, david_greed
D:11:     minmay_statue_hallways, layout_irregular_city, hiddenorc1_lemuel
D:12:     layout_cave_pools
D:13:     minmay_roctagon, layout_loops_ring, david_vaults_4
Temple:   nicolae_temple_no_exploring_needed

Skill      XL: |  1  2  3  4  5  6  7  8  9 10 11 12 |
---------------+-------------------------------------+-----
Fighting       | 1 2 3 4 5 |  5.8
Dodging        | 2 3 4 5 6 7 8 |  8.8
Conjurations   | 5 6 7 8 9 10 11 12 | 12.6
Spellcasting   | 3 4 5 6 7 8 9 10 | 10.6
Ice Magic      | 1 4 7 8 9 |  9.1
Fire Magic     | 4 6 |  6.6
Shields        | 4 |  4.0
Stealth        | |  1.7

Action                   |  1- 3 |  4- 6 |  7- 9 | 10-12 | 13-15 || total
-------------------------+-------+-------+-------+-------+-------++-------
Melee: Unarmed           |    41 |       |       |       |       ||    41
       Tailslap          |     3 |     3 |    27 |    27 |       ||    60
       Rapier            |    23 |    82 |    18 |       |       ||   123
       Flail             |       |       |    32 |     7 |       ||    39
       Falchion          |       |       |   174 |    67 |       ||   241
       Broad axe         |       |       |       |   154 |     4 ||   158
Throw: Dart              |       |       |     1 |     8 |       ||     9
 Cast: Magic Dart        |    67 |     2 |     1 |     2 |       ||    72
       Searing Ray       |     5 |    23 |    39 |    30 |     3 ||   100
       Frozen Ramparts   |       |       |     3 |    47 |     1 ||    51
       Iskenderun's Batt |       |       |     2 |    13 |     1 ||    16
       Iskenderun's Myst |       |       |       |    12 |       ||    12
       Fireball          |       |       |       |    40 |       ||    40
       Freezing Cloud    |       |       |       |     2 |       ||     2
 Abil: Breathe Dispellin |       |       |     8 |     1 |     1 ||    10
  Use: Scroll            |       |       |     8 |    17 |       ||    25
       Potion            |       |       |       |     2 |       ||     2
 Stab: Sleeping          |       |     1 |     5 |     1 |       ||     7
Armor: Skin              |    23 |    19 |    69 |    75 |       ||   186
Dodge: Dodged            |    74 |    80 |   274 |   281 |     5 ||   714
Block: Buckler           |       |       |       |     5 |       ||     5
       Rpst.: Falchion   |       |       |    52 |    32 |       ||    84

Table legend: (Time is in decaauts)
 A = Elapsed time spent in this place.
 B = Non-inter-level travel time spent in this place.
 C = Inter-level travel time spent in this place.
 D = Time resting spent in this place.
 E = Time spent auto-exploring this place.
 F = Levels seen in this place.
 G = Mean time per level.
                   A        B        C        D        E       F      G
               +--------+--------+--------+--------+--------+-----+--------+
         Total |  18924 |  18391 |    533 |   1765 |  13076 |  15 | 1261.6 |
       Dungeon |  18913 |  18380 |    533 |   1765 |  13076 |  13 | 1454.8 |
        Temple |      1 |      1 |      0 |      0 |      0 |   1 |    1.0 |
        Bailey |      9 |      9 |      0 |      0 |      0 |   1 |    9.0 |
               +--------+--------+--------+--------+--------+-----+--------+

Top non-repeatable levels by time:
    D:10: 3260 daAuts
     D:9: 1953 daAuts
    D:11: 1575 daAuts
    D:13: 1551 daAuts
     D:1: 1529 daAuts
    D:12: 1438 daAuts
     D:5: 1410 daAuts
     D:6: 1327 daAuts
     D:4: 1106 daAuts
     D:7: 1029 daAuts
     D:8: 965 daAuts
     D:3: 891 daAuts
     D:2: 874 daAuts
  Bailey: 9 daAuts
  Temple: 1 daAuts
